 Dungeon Crawl Stone Soup version 0.32-a0-928-g1cae6b7ea0 (webtiles) character file.

Game seed: 1170667863066210486

100 innerfire43 the Covered (level 4, -2/51 HPs)
             Began as a Demonspawn Wanderer on Apr 12, 2024.
             Incinerated by a bombardier beetle (6 damage)
             ... with a burning spray
             ... on level 3 of the Dungeon.
             The game lasted 00:02:28 (1475 turns).

innerfire43 the Covered (Demonspawn Wanderer)       Turns: 1475, Time: 00:02:29

Health: -2/51      AC: 22    Str: 16    XL:     4   Next: 46%
Magic:  5/5        EV:  2    Int: 10    God:
Gold:   68         SH:  0    Dex: 19    Spells: 4/5 levels left

rFire   x . .        h - +0 mace
rCold   + . .        (no shield)
rNeg    . . .        d - melded +0 chain mail
rPois   +            (helmet currently unavailable)
rElec   .            k - melded scarf {shadows}
rCorr   .            (gloves currently unavailable)
SInv    .            (boots currently unavailable)
Will    .....        (no amulet)
Stlth   +            e - +6 ring of dexterity
HPRegen 0.28/turn    o - ring of ice
MPRegen 0.09/turn

%: no passive effects
@: brilliant, on fire, tree-form, hasted, glowing, very quick
A: stationary, stasis, torment immunity, boosted hp, (horns 1), (sharp scales 1)
a: no special abilities


You were on level 3 of the Dungeon.
You were a tree.
You visited 1 branch of the dungeon, and saw 3 of its levels.

You collected 68 gold pieces.

Inventory:

Hand Weapons
 a - a +0 club
 h - a +0 mace (weapon)
Armour
 d - a +0 chain mail (melded)
 k - a scarf of shadows (melded)
Jewellery
 e - a +6 ring of dexterity (left branch)
 o - a ring of ice (right branch)
Scrolls
 b - 2 scrolls of teleportation
 c - a scroll of fog
 l - 3 scrolls of identify {unknown}
 m - a scroll of silence {unknown}
Potions
 i - 2 potions of brilliance
 j - a potion of haste
 n - a potion of attraction {unknown}


   Skills:
 + Level 2.3 Fighting
 + Level 1.7 Maces & Flails
 + Level 5.0 Armour
 + Level 1.4 Stealth
 - Level 1.0 Spellcasting
 - Level 3.0 Summonings


You had 4 spell levels left.
You knew the following spells:

 Your Spells              Type           Power      Damage    Failure   Level
a - Summon Small Mammal   Summ           36%        N/A       10%         1

Your spell library contained the following spells:

 Spells                   Type           Power      Damage    Failure   Level
 Summon Ice Beast         Ice/Summ       7%         N/A       50%         3
 Sculpt Simulacrum        Ice/Alch       0%         N/A       100%        6
 Ozocubu's Refrigeration  Ice            0%         4d7       100%        7
 Polar Vortex             Ice            0%         N/A       100%        9


Dungeon Overview and Level Annotations

Branches:
Dungeon (3/15)

Altars:

Shops:
D:2 [


Innate Abilities, Weirdness & Mutations

You are a tree.
Your roots penetrate the ground, keeping you stationary.
You cannot be teleported.
You are immune to unholy pain and torment.
Your maximum health is greatly increased.
Your equipment is partially melded.
((You have a pair of small horns on your head.))
((You are partially covered in razor-sharp scales. (AC +1, Slay +1)))


Message History

The bombardier beetle is almost dead.
The liquid fire burns you!
The bombardier beetle bites you but does no damage.
You hit the bombardier beetle.
The bombardier beetle is almost dead.
The liquid fire burns you! The bombardier beetle bites you.
You hit the bombardier beetle.
You kill the bombardier beetle!
The liquid fire burns you!
Your Armour skill increases to level 5!
You are too injured to fight recklessly!
You are too injured to fight recklessly!
You are on fire!
You are on fire!
You are too injured to fight recklessly!
You are on fire!
Unknown command.
The liquid fire burns you!
* * * LOW HITPOINT WARNING * * *
The liquid fire burns you!
* * * LOW HITPOINT WARNING * * *
The liquid fire burns you!
* * * LOW HITPOINT WARNING * * *
It was a potion of heal wounds.
You feel much better. The liquid fire burns you!
* * * LOW HITPOINT WARNING * * *
It was a potion of lignification.
You turn into a tree.
Your scarf of shadows melds into your body.
Your +0 chain mail melds into your body.
The dungeon's light returns to normal.
Your roots penetrate the ground.
The liquid fire burns you!
* * * LOW HITPOINT WARNING * * *
It was a potion of brilliance.
You feel clever all of a sudden. The liquid fire burns you!
* * * LOW HITPOINT WARNING * * *
It was a potion of haste.
You feel yourself speed up. The liquid fire burns you!
You die...

## .. #.
#####.#####
#.........##
#...)......###.
#.....†♣.......
##############.


There were no monsters in sight!

Vanquished Creatures
  A bombardier beetle (D:3)
  2 adders (D:2)
  A dart slug (D:1)
  2 endoplasms (D:1)
  2 giant cockroaches (D:1)
  8 goblins
  6 hobgoblins
  4 kobolds
  7 ball pythons
  8 bats
  2 frilled lizards (D:1)
  4 rats
47 creatures vanquished.

Notes
Turn   | Place    | Note
-------+----------+-------------------------------------------
     0 | D:1      | innerfire43 the Demonspawn Wanderer began the quest for the
                  | Orb.
     0 | D:1      | innerfire43 set off with the following items: a +0 club, a
                  | scroll of teleportation, a scroll of fog, a +0 chain mail;
                  | and the following spell memorised: Summon Small Mammal; and
                  | the following spells available to memorise: Summon Ice
                  | Beast.
     0 | D:1      | Reached XP level 1. HP: 15/15 MP: 2/2
   216 | D:1      | Gained mutation: You are partially covered in razor-sharp
                  | scales. (AC +1, Slay +1) [demonic ancestry]
   216 | D:1      | Reached XP level 2. HP: 21/21 MP: 3/3
   315 | D:1      | Reached skill level 1 in Maces & Flails
   743 | D:1      | Reached XP level 3. HP: 27/27 MP: 4/4
  1105 | D:2      | Reached skill level 1 in Stealth
  1204 | D:2      | Gained mutation: You have a pair of small horns on your
                  | head. [demonic ancestry]
  1204 | D:2      | Reached XP level 4. HP: 28/33 MP: 5/5
  1417 | D:2      | Found Joysodgh's Armour Shoppe.
  1469 | D:3      | Reached skill level 5 in Armour
  1471 | D:3      | HP: 1/34 [burnt (6)]
  1475 | D:3      | Incinerated by a bombardier beetle

Illustrated notes

Levels and vault maps discovered:
D:1:      nzn_arrival_depleted_hourglass, layout_basic
D:2:      layout_basic, serial_shops, shop, shop
D:3:      layout_rooms, uniq_crazy_yiuf_cottage, uniq_robin, uniq_sigmund,
          uniq_natasha

Skill      XL: |  1  2  3  4 |
---------------+-------------+-----
Maces & Flails | 1 |  1.7
Fighting       | 2 |  2.3
Stealth        | 1 |  1.4
Armour         | 5 |  5.0
Spellcasting   | |  1.0
Summonings     | |  3.0

Action                     |  1- 3 |  4- 6 || total
---------------------------+-------+-------++-------
  Melee: Club              |    42 |       ||    42
         Mace              |   101 |    11 ||   112
         Headbutt          |       |     3 ||     3
    Use: Potion            |       |     4 ||     4
 Armour: Chain mail        |   171 |     9 ||   180
  Dodge: Dodged            |    69 |     8 ||    77

Table legend: (Time is in decaauts)
 A = Elapsed time spent in this place.
 B = Non-inter-level travel time spent in this place.
 C = Inter-level travel time spent in this place.
 D = Time resting spent in this place.
 E = Time spent auto-exploring this place.
 F = Levels seen in this place.
 G = Mean time per level.
                   A        B        C        D        E       F      G
               +--------+--------+--------+--------+--------+-----+--------+
         Total |   1522 |   1486 |     36 |      0 |   1082 |   3 |  507.3 |
       Dungeon |   1522 |   1486 |     36 |      0 |   1082 |   3 |  507.3 |
               +--------+--------+--------+--------+--------+-----+--------+

Top non-repeatable levels by time:
     D:1: 956 daAuts
     D:2: 552 daAuts
     D:3: 13 daAuts
